 Dungeon Crawl Stone Soup version 0.28.0-45-g0d030f2227 (webtiles) character file.

Game seed: 7141704433801923904

2948 Bruhh the Carver (level 9, -4/55 HPs)
             Began as a Gargoyle Fighter on Apr 22, 2022.
             Was a Follower of the Shining One.
             Slain by a centaur warrior (9 damage)
             ... on level 8 of the Dungeon.
             The game lasted 00:10:14 (7208 turns).

Bruhh the Carver (Gargoyle Fighter)                 Turns: 7208, Time: 00:10:15

Health: -4/55      AC: 16    Str: 34    XL:     9   Next: 81%
Magic:  9/9        EV: 10    Int:  9    God:    the Shining One [*.....]
Gold:   412        SH:  4    Dex:  9    Spells: 8/8 levels left

rFire   + . .      SeeInvis +   d - +9 falchion "Demonslayer" {venom, Contam rF+ Str+4 SInv}
rCold   . . .      Faith    .   c - +0 buckler
rNeg    + + .      Spirit   .   k - +1 ring mail {rN+}
rPois   ∞          Reflect  .   B - +2 helmet {SInv}
rElec   +          Harm     .   (no cloak)
rCorr   .          Rampage  .   (no gloves)
Will    .....                   (no boots)
Stlth   ..........              (no amulet)
HPRegen 0.18/turn               l - +6 ring of strength
MPRegen 0.11/turn               s - ring of flight

@: flying, glowing
A: sickness immunity, AC +6, negative energy resistance 1, electricity
resistance, torment resistance 1, petrification resistance
a: Renounce Religion, Divine Shield


You were on level 8 of the Dungeon.
You worshipped the Shining One.
The Shining One was aware of your devotion.
You visited 2 branches of the dungeon, and saw 9 of its levels.

You collected 412 gold pieces.

Inventory:

Hand Weapons
 a - a +0 flail
 d - the +9 falchion "Demonslayer" (weapon) {venom, Contam rF+ Str+4 SInv}
   (You found it on level 4 of the Dungeon)

   It poisons the flesh of those it strikes.
   Str:       It affects your strength (+4).
   rF:        It protects you from fire.
   SInv:      It lets you see invisible.
   Contam:    It causes magical contamination when unequipped.
 p - the +5 trident of the Mushroom {vorpal, rC+ Dex+3}
   (You found it on level 3 of the Dungeon)

   It inflicts extra damage upon your enemies.
   Dex:       It affects your dexterity (+3).
   rC:        It protects you from cold.
Armour
 b - a +0 scale mail
 c - a +0 buckler (worn)
 k - a +1 ring mail of positive energy (worn)
 B - a +2 helmet of see invisible (worn)
Jewellery
 l - a +6 ring of strength (left hand)
 s - a ring of flight (right hand)
 C - a ring of positive energy
 E - a ring of positive energy
Wands
 v - a wand of iceblast (17)
 x - a wand of flame (12)
 H - a wand of digging (7)
Scrolls
 f - 2 scrolls of enchant weapon {unknown}
 g - a scroll of magic mapping {unknown}
 i - 3 scrolls of teleportation {unknown}
 m - 2 scrolls of noise {unknown}
 w - 2 scrolls of immolation {unknown}
 y - a scroll of holy word {unknown}
 A - a scroll of vulnerability {unknown}
 D - a scroll of identify {unknown}
 F - a scroll of fear {unknown}
 I - a scroll of acquirement {unknown}
Potions
 e - 2 potions of attraction {unknown}
 h - 6 potions of curing {unknown}
 j - 2 potions of resistance {unknown}
 n - 2 potions of flight {unknown}
 o - 2 potions of invisibility {unknown}
 q - a potion of berserk rage {unknown}
 r - 4 potions of lignification {unknown}
 t - a potion of brilliance {unknown}
 u - a potion of heal wounds {unknown}
 z - a potion of ambrosia {unknown}
 G - a potion of magic {unknown}


   Skills:
 - Level 6.0 Fighting
 + Level 10.8 Long Blades
 - Level 4.2 Maces & Flails
 - Level 3.2 Armour
 - Level 3.2 Shields


You had 8 spell levels left.
You didn't know any spells.
Your spell library contained the following spells:

 Spells                   Type           Power      Damage    Failure   Level
 Summon Small Mammal      Summ           0%         N/A       58%         1
 Call Canine Familiar     Summ           0%         N/A       91%         3
 Gell's Gravitas          Tloc           0%         N/A       91%         3
 Ozocubu's Armour         Ice            0%         N/A       91%         3
 Summon Guardian Golem    Hex/Summ       0%         N/A       91%         3
 Teleport Other           Tloc           0%         N/A       91%         3
 Dispersal                Tloc           0%         N/A       100%        6
 Ozocubu's Refrigeration  Ice            0%         4d5       100%        7


Dungeon Overview and Level Annotations

Branches:
Dungeon (8/15)             Temple (1/1) D:7
   Lair: D:8-11

Altars:
Ashenzari
Cheibriados
Dithmenos
Fedhas
Gozag
Hepliaklqana
Kikubaaqudgha
Makhleb
Nemelex Xobeh
Okawaru
Qazlal
Ru
Sif Muna
Trog
Uskayaw
Vehumet
Wu Jian
Xom
Yredelemnul
Zin
The Shining One

Shops:
D:8 (


Innate Abilities, Weirdness & Mutations

You are immune to sickness and miasma.
Your stone body is resilient. (AC +6)
You are immune to poison.
You resist negative energy. (rN+)
You are resistant to electric shocks. (rElec)
You are resistant to unholy torment.
You are immune to petrification.


Message History

As you open the door, it creaks loudly!
Found 8 stones.
There is an open door here.
Found a dagger.
You reach down and open the door.
A centaur warrior comes into view.
The centaur warrior shouts!
The centaur warrior wields a +0 longbow.
The centaur warrior shoots an arrow.
The arrow hits you!
There is an open door here.
A centaur warrior is nearby!
The centaur warrior shoots an arrow.
The arrow hits you!!
You are too injured to fight recklessly!
The centaur warrior unwields a +0 longbow.
The centaur warrior hits you!
* * * LOW HITPOINT WARNING * * *
The centaur warrior kicks you.
* * * LOW HITPOINT WARNING * * *
You slash the centaur warrior!
The centaur warrior is poisoned.
The centaur warrior is moderately wounded.
The centaur warrior hits you.
* * * LOW HITPOINT WARNING * * *
The centaur warrior kicks you but does no damage.
You hit the centaur warrior.
The centaur warrior looks as sick as possible!
The centaur warrior is heavily wounded.
The centaur warrior hits you but does no damage.
The centaur warrior kicks you.
* * * LOW HITPOINT WARNING * * *
You barely miss the centaur warrior.
The centaur warrior is heavily wounded.
The centaur warrior hits you.
* * * LOW HITPOINT WARNING * * *
The centaur warrior misses you. You block the centaur warrior's attack.
The centaur warrior kicks you but does no damage.
The centaur warrior completely misses you.
The centaur warrior kicks you but does no damage.
Found a puce potion.
The centaur warrior hits you!
You die...

##################
...#...........#
...#.........).# .
...'..(........# .!
...#...........# ...
...#...........# ....
+############'#####.....
.#####..........c...#
.....#..........@...#
.....#..............#
....................#
###.................#
#################+###
.....# .....## ###...#
....###


You could see a centaur warrior (extremely poisoned).

Vanquished Creatures
  Pikel (D:6)
  Maggie (D:7)
  Menkaure (D:7)
  A water moccasin (D:6)
  An orc warrior (D:8)
  3 ice beasts
  4 ogres
  2 sky beasts
  A black bear (D:7)
  A centaur (D:8)
  A lemure (D:6)
  A wyvern zombie (D:6)
  A water moccasin zombie (D:3)
  2 water moccasin skeletons (D:4)
  A howler monkey (D:5)
  A jelly (D:7)
  A gnoll shaman (D:7)
  3 hounds
  2 orc priests (D:8)
  2 iguanas (D:5)
  6 orc wizards
  A hound skeleton (D:4)
  7 gnolls (D:7)
  A howler monkey skeleton (D:7)
  6 adders
  2 white imps
  An adder skeleton (D:4)
  2 worms (D:5)
  3 dart slugs (D:1)
  25 orcs
  4 bats
  9 endoplasms
  4 giant cockroaches
  5 goblins
  4 hobgoblins
  3 jackals (D:4)
  6 kobolds
  3 quokkas
  2 ball pythons
  4 frilled lizards
  5 rats
134 creatures vanquished.

Vanquished Creatures (others)
  3 withered plants (D:4)
3 creatures vanquished.

Grand Total: 137 creatures vanquished

Notes
Turn   | Place    | Note
-------+----------+-------------------------------------------
     0 | D:1      | Bruhh the Gargoyle Fighter began the quest for the Orb.
     0 | D:1      | Reached XP level 1. HP: 14/14 MP: 1/1
   135 | D:1      | Reached XP level 2. HP: 19/19 MP: 2/2
   617 | D:1      | Found a faded altar of an unknown god.
   629 | D:1      | Reached XP level 3. HP: 17/23 MP: 3/3
  1676 | D:2      | Reached XP level 4. HP: 28/28 MP: 4/4
  1720 | D:2      | You fall into a shaft and drop 1 floor!
  1763 | D:3      | Identified the +5 trident of the Mushroom {vorpal, rC+
                  | Dex+3}
  2032 | D:3      | Reached XP level 5. HP: 19/34 MP: 5/5
  2167 | D:3      | Found an opulent altar of Gozag.
  2629 | D:4      | Noticed an ogre
  2634 | D:4      | Killed an ogre
  2635 | D:4      | Reached skill level 5 in Fighting
  2635 | D:4      | Reached XP level 6. HP: 41/41 MP: 6/6
  2641 | D:4      | Identified the +9 falchion "Demonslayer" {venom, Contam rF+
                  | Str+4 SInv}
  2657 | D:4      | Reached skill level 1 in Long Blades
  2804 | D:4      | Reached skill level 2 in Long Blades
  3106 | D:4      | Found a basalt altar of Yredelemnul.
  3193 | D:4      | Reached skill level 3 in Long Blades
  3193 | D:4      | Reached XP level 7. HP: 38/46 MP: 7/7
  3295 | D:5      | Entered Level 5 of the Dungeon
  3664 | D:5      | Reached skill level 4 in Long Blades
  3834 | D:5      | Found a glowing silver altar of Zin.
  4028 | D:5      | Reached skill level 5 in Long Blades
  4471 | D:6      | Reached XP level 8. HP: 51/51 MP: 8/8
  4524 | D:6      | Reached skill level 6 in Long Blades
  4921 | D:7      | Noticed Pikel
  5059 | D:6      | Killed Pikel
  5060 | D:6      | Reached skill level 8 in Long Blades
  5244 | D:7      | Reached XP level 9. HP: 51/55 MP: 9/9
  5306 | D:7      | Found a staircase to the Ecumenical Temple.
  5319 | Temple   | Entered the Ecumenical Temple
  5375 | Temple   | Became a worshipper of the Shining One
  5484 | D:7      | Reached skill level 9 in Long Blades
  5506 | D:7      | Found a radiant altar of Vehumet.
  5540 | D:7      | Noticed Maggie
  5552 | D:7      | Killed Maggie
  5895 | D:7      | Noticed Menkaure
  5899 | D:7      | Killed Menkaure
  6129 | D:7      | Reached skill level 10 in Long Blades
  6339 | D:8      | Found an ancient bone altar of Kikubaaqudgha.
  6339 | D:8      | Found a blossoming altar of Fedhas.
  6415 | D:8      | Found an ornate altar of the Wu Jian Council.
  6548 | D:8      | Found a sacrificial altar of Ru.
  6548 | D:8      | Found a stormy altar of Qazlal.
  6548 | D:8      | Found a bloodstained altar of Trog.
  6549 | D:8      | Found a sparkling altar of Nemelex Xobeh.
  6691 | D:8      | Found Pailun's Antique Weapon Boutique.
  6730 | D:8      | Reached * piety under the Shining One
  7201 | D:8      | Noticed a centaur warrior
  7208 | D:8      | Slain by a centaur warrior

Illustrated notes

Levels and vault maps discovered:
D:1:      dpeg_arrival_arbitrary_c, layout_basic,
          hellmonk_ecumenical_altar_arch_garden, amcnicky_mini_pool_small,
          minmay_pentomino_t4
D:2:      layout_rooms
D:3:      layout_rooms, nicolae_gozag_seed_capital
D:4:      layout_basic, yredelemnul_altar_generic, dk_noncrumbling_3
D:5:      layout_loops_ring, zin_academy, kennysheep_opposing_triangles
D:6:      layout_basic
D:7:      layout_basic, kennysheep_mini_moat, minmay_temple_entry_fiery,
          minmay_door_square, uniq_menkaure, uniq_maggie, uniq_pikel
D:8:      layout_gridville, grunt_temple_overflow_growth_and_decay,
          nicolae_wu_jian_wuxing_cycle,
          chequers_temple_overflow_statue_of_worship, serial_shops,
          nicolae_shop_overgrown_old_shop
Temple:   zaba_magenta_temple

Skill      XL: |  1  2  3  4  5  6  7  8  9 |
---------------+----------------------------+-----
Maces & Flails | 3 4 |  4.2
Fighting       | 4 5 6 |  6.0
Long Blades    | 3 5 8 10 | 10.8
Armour         | |  3.2
Shields        | |  3.2

Action                   |  1- 3 |  4- 6 |  7- 9 || total
-------------------------+-------+-------+-------++-------
Melee: Flail             |    82 |     6 |       ||    88
       Trident           |       |    27 |       ||    27
       Falchion          |       |    33 |   178 ||   211
  Use: Potion            |       |     1 |       ||     1
Armor: Scale mail        |    50 |       |       ||    50
       Ring mail         |     1 |    22 |   107 ||   130
Dodge: Dodged            |    36 |    29 |    77 ||   142
Block: Buckler           |    14 |    18 |    22 ||    54
